 Dungeon Crawl Stone Soup version 0.24.0-13-gcf9b319 (webtiles) character file.

Game seed: 3109605393750049101, levelgen mode: deterministic

28 Bronimir the Firebug (level 3, -6/33 HPs)
             Began as an Ogre Fire Elementalist on Apr 22, 2020.
             Mangled by a gnoll
             ... wielding a +0 flail
              (13 damage)
             ... on level 1 of the Dungeon.
             The game lasted 00:02:19 (794 turns).

Bronimir the Firebug (Ogre Fire Elementalist)        Turns: 794, Time: 00:02:20

Health: -6/33      AC:  3    Str: 13    XL:     3   Next: 12%
Magic:  0/7        EV: 10    Int: 16    God:
Gold:   47         SH:  0    Dex:  9    Spells: 6/7 levels left

rFire    . . .     SeeInvis .   d - +0 dagger
rCold    . . .     Gourm    .   (no shield)
rNeg     . . .     Faith    .   a - +0 robe
rPois    .         Spirit   .   (helmet restricted)
rElec    .         Reflect  .   (no cloak)
rCorr    .         Harm     .   (gloves unavailable)
MR       .....                  (boots unavailable)
Stlth    +.........             (no amulet)
HPRegen  0.11/turn              (no ring)
MPRegen  0.10/turn              (no ring)

@: very slightly contaminated
A: large, unfitting armour, tough skin 1
a: no special abilities


You were on level 1 of the Dungeon.
You were not hungry.

You visited 1 branch of the dungeon, and saw 2 of its levels.

You collected 47 gold pieces.

Inventory:

Hand Weapons
 d - a +0 dagger (weapon)
Missiles
 f - 14 sling bullets
 h - 22 stones (quivered)
Armour
 a - a +0 robe (worn)
Scrolls
 e - a scroll of identify {unknown}
 g - a scroll of fog {unknown}
Potions
 b - a potion of haste {unknown}
Comestibles
 c - 2 rations


   Skills:
 * Level 1.3 Fighting
 + Level 1.7 Dodging
 - Level 1.4 Stealth
 * Level 2.9 Spellcasting
 * Level 1.2 Conjurations
 * Level 3.1 Fire Magic


You had 6 spell levels left.
You knew the following spells:

 Your Spells              Type           Power        Failure   Level  Hunger
a - Flame Tongue          Conj/Fire      #....        8%          1    #......

Your spell library contained the following spells:

 Spells                   Type           Power        Failure   Level  Hunger
 Throw Flame              Conj/Fire      #.....       12%         2    ##.....
 Conjure Flame            Conj/Fire      #.......     22%         3    ###....
 Inner Flame              Hex/Fire       #.......     30%         3    ###....
 Sticky Flame             Conj/Fire      #.......     58%         4    #####..
 Fireball                 Conj/Fire      #.........   91%         5    ######.


Dungeon Overview and Level Annotations

Branches:
Dungeon (2/15)

Altars:


Innate Abilities, Weirdness & Mutations

You are too large for most types of armour.
You have tough skin. (AC +1)


Message History

The flame tongue hits the hobgoblin!
You kill the hobgoblin!
Casting: Flame Tongue (safe; 8% risk of failure)
Confirm with . or Enter, or press ? or * to list all spells.
You don't have enough magic to cast that spell.
Unknown command.
The gnoll hits you with a +0 flail!
There is a stone staircase leading up here.
The gnoll hits you with a +0 flail!
* * * LOW HITPOINT WARNING * * *
You climb upwards.
There is a stone staircase leading down here.
Casting: Flame Tongue (safe; 8% risk of failure)
Confirm with . or Enter, or press ? or * to list all spells.
Aiming: Flame Tongue (safe; 8% risk of failure)
Press: ? - help, Shift-Dir - straight line, f - gnoll
Aim: a gnoll, wielding a +0 flail You miscast Flame Tongue.
Nothing appears to happen.
The gnoll hits you with a +0 flail!
You die...

...........##'#......# ##.....#..
............#.#.#.##.# ####.####
............#+#.#.##.# #.# #
............#.#...##.# #.# ##
...........##'##.###.## ##.# #.
.......#####...#####..# #..# #.
.......÷.'.'.<.'.'.'÷.# #.####.
.......#####...######.# ###.###..
...........##'##@..##.# #.......#
............#.#.g..##.# #.......#
#...........#+#....##.###......##
##.#####..#.#.#.....#............
##.# #..###'#>.................
...# ##...##...................#
.######.........#####...#......##
###.....#...............#.######
....#####...##..####....#.#


You could see a gnoll.

Vanquished Creatures
  An ooze (D:1)
  A dart slug (D:2)
  A giant cockroach (D:1)
  3 goblins (D:1)
  A hobgoblin (D:2)
  4 kobolds
  A quokka (D:2)
  2 bats (D:1)
  A frilled lizard (D:1)
  6 rats
21 creatures vanquished.

Notes
Turn   | Place    | Note
-------+----------+-------------------------------------------
     0 | D:1      | Bronimir the Ogre Fire Elementalist began the quest for the
                  | Orb.
     0 | D:1      | Reached XP level 1. HP: 16/16 MP: 3/3
   162 | D:1      | Reached skill level 1 in Conjurations
   224 | D:1      | Reached XP level 2. HP: 26/26 MP: 3/5
   244 | D:1      | Reached skill level 1 in Fighting
   397 | D:1      | Reached skill level 3 in Fire Magic
   712 | D:2      | Reached XP level 3. HP: 33/33 MP: 4/7
   794 | D:1      | Mangled by a gnoll

Levels and vault maps discovered:
D:1:      minmay_arrival_doors, layout_rooms
D:2:      layout_rooms, marbit_many_paths, minmay_pentomino_o2, uniq_jessica

Skill      XL: |  1  2 |
---------------+-------+-----
Conjurations   | 1 |  1.2
Fighting       | 1 |  1.3
Fire Magic     | 3 |  3.1
Dodging        | |  1.7
Stealth        | |  1.4
Spellcasting   | |  2.9

Action                   || total
-------------------------++-------
Melee: Unarmed           ||    12
       Dagger            ||     5
 Cast: Flame Tongue      ||    37
Armor: Robe              ||    12
Dodge: Dodged            ||    26
